Unix NetHack Version 5.0.0-0 post-release - last build May 10 2026 23:12:36 (d1fa5d53e341ca933230fdaa984d921c805b60aa,branch:main).

Game began 2026-05-16 07:36:31, ended 2026-05-16 10:24:36.

ArrBianca, lawful female human Priestess

           ---
           |.. ---            ---                              ----
          --..--.--          -...                    ---       |..|
         --.......--      ---..-       ----         --.---     |..--------
   |   ---.........--------...-   ---- |..--        |....--     -........
  --.  |..............<.....-------..---...-----------....-------.....-
  |...............................................*...................--
  --...  |............^...-----#---..|........-.--->....--..-------....--
   --    ---......--------- --- # |.-------......||.....||-.---.---.....-- ---
           |.......|  --. ---.####|.|     --.$..-----...--.......|...........--
           |.......---|........----.|    ---*...--  -.....--..................|
           |.........--.............|   --.......--......----...........|....--
           --...--..........----...--  -- '.............-|  --..-......---.---
            |...||..........   ---.|   |.e@..............-   --.......--  --
            --..|---.....----    |.|....).---..--..---....|   --.......-
             ...-  --....|       |.|-.....  |..|| .- |....-    |.........
             ...    --...-       |.|--....  ----  .. |.....    -.........|
            ....     |....       |.--|...          .|---...    ........---
           --...      --.-       |..|--..          --   -...   ......---
            ----        --       |..| ---                ..-  ---.----
                                 ----                    ---    ---
ArrBianca the Acolyte        St:10 Dx:17 Co:11 In:10 Wi:16 Ch:11  Lawful
Dlvl:5  $:90 HP:0(23) Pw:44(44) AC:8  Xp:4 T:1570 

Latest messages:
 The gecko is killed!
 Nethacknoob's ghost touches you!
 Nethacknoob's ghost touches you!
 Nethacknoob's ghost touches you!
 Nethacknoob's ghost touches you!
 Nethacknoob's ghost touches you!
 Nethacknoob's ghost touches you!
 Nethacknoob's ghost touches you!
 You can move again.
 You attack thin air.
 What do you want to throw? [$ or ?*] ?
 What do you want to throw? [$ or ?*] <space>
 Never mind.
 What do you want to throw? [$ or ?*] m
 In what direction? h
 The violet gem misses the floating eye.
 What do you want to throw? [$ or ?*] m
 In what direction? h
 The violet gem misses the floating eye.
 What do you want to throw? [$ or ?*] m
 In what direction? h
 The violet gem hits the floating eye.
 Nethacknoob's ghost touches you!
 Calling upon Tyr, you chant an arcane formula.
 Nethacknoob's ghost turns to flee.
 You can move again.
 You hit the floating eye.
 You are frozen by the floating eye's gaze!
 Nethacknoob's ghost touches you!
 Nethacknoob's ghost touches you!
 Nethacknoob's ghost touches you!
 Nethacknoob's ghost touches you!
 Nethacknoob's ghost touches you!
 Nethacknoob's ghost touches you!
 The paper golem is hit by a rock!
 Nethacknoob's ghost touches you!
 The paper golem hits!
 Nethacknoob's ghost touches you!
 The paper golem hits!
 The paper golem hits!
 Nethacknoob's ghost touches you!
 The paper golem hits!
 Nethacknoob's ghost touches you!
 The paper golem hits!
 The paper golem hits!
 The paper golem hits!
 The paper golem hits!
 The paper golem hits!
 You die...
 Do you want an account of creatures vanquished? [ynaq] (y) q

Inventory:
 Coins    ('$')
  $ - 90 gold pieces
 Weapons  (')')
  a - a blessed +1 mace (weapon in right hand)
 Armor    ('[')
  v - a +0 orcish helm
  w - a +0 orcish helm (being worn)
  x - a +0 pair of low boots (being worn)
 Comestibles  ('%')
  j - 4 food rations
  n - a cursed fortune cookie
 Scrolls  ('?')
  u - a blessed scroll of destroy armor
 Tools    ('(')
  i - a magic marker (0:22)
  s - a tin opener

ArrBianca the Priestess's attributes:

Background:
 You were an Acolyte, a level 4 human Priestess.
 You were lawful, on a mission for Tyr
 who was opposed by Odin (neutral) and Loki (chaotic).
 You were right-handed.
 You were in the Gnomish Mines, on level 5.
 You entered the dungeon 1570 turns ago.
 There was a new moon in effect when your adventure ended.
 You had 150 experience points, 10 more were needed to attain level 5.

Basics:
 You had 0 out of 23 hit points.
 You had all 44 energy points (spell power).
 Your armor class was 8.
 Your wallet contained 90 zorkmids.
 Autopickup was on for '$?!/="+%' plus thrown, with exceptions.

Final Characteristics:
 Your strength was 10 (peak:13, limit:18/100).
 Your dexterity was 17 (limit:18).
 Your constitution was 11 (limit:18).
 Your intelligence was 10 (limit:18).
 Your wisdom was 16 (limit:18).
 Your charisma was 11 (limit:18).

Final Status:
 You weren't hungry.
 You were unencumbered.
 You were wielding a mace.
 You had basic skill with mace.

Final Attributes:
 You were devoutly aligned.
 You were fast.
 You are dead.

Miscellaneous:
 You encountered 1 bones level.
 Total elapsed playing time was 1 hour, 35 minutes and 5 seconds.

Major events:
 Turn
    1: ArrBianca the lawful human Priestess entered the dungeon
  975: attained the rank of Acolyte (level 3)
 1075: entered the Gnomish Mines
 1570: killed by a paper golem, while frozen by a floating eye's gaze

Spells:
 Name                 Level Category     Fail Retention
 detect monsters        1   divination    14%  76%-100%
 cure blindness         2   healing       78%  76%-100%

Skills:
 Fighting Skills
   bare handed combat [Unskilled]
 Weapon Skills
   club               [Unskilled]
   mace               [Basic]
   morning star       [Unskilled]
   flail              [Unskilled]
   hammer             [Unskilled]
   quarterstaff       [Unskilled]
   polearms           [Unskilled]
   spear              [Unskilled]
   trident            [Unskilled]
   lance              [Unskilled]
   bow                [Unskilled]
   sling              [Unskilled]
   crossbow           [Unskilled]
   dart               [Unskilled]
   shuriken           [Unskilled]
   boomerang          [Unskilled]
   unicorn horn       [Unskilled]
 Spellcasting Skills
   healing spells     [Unskilled]
   divination spells  [Unskilled]
   clerical spells    [Basic]

Voluntary challenges:
 Character rerolling was not enabled.
 You were illiterate.
 You never had a pet.
 You never genocided any monsters.
 You never polymorphed an object.
 You never changed form.
 You used no wishes.
Achievements:
 You entered a shop.
 You attained the rank of Acolyte.
 You entered the Gnomish Mines.

 The Dungeons of Doom: levels 1 to 4
    Level 1:
    Level 2:
       An armor shop.
    Level 3:
       A wand shop, a fountain, a sink.
    Level 4:
       A sink.
       Stairs down to The Gnomish Mines.
 The Gnomish Mines:
    Level 5: <- You were here.
       A grave.
       Final resting place for
          you, killed by a paper golem, while frozen by a floating eye's gaze,
          nethacknoob-Val-Dwa-Fem-Law, killed by a giant rat, while frozen by a floating eye's gaze.


Vanquished creatures:
  a rock mole
  a homunculus
  3 hill orcs
  a dwarf zombie
 an iguana
 an acid blob
  a giant rat
  6 gnomes
  a gnome zombie
  3 geckos
  a kobold
  a goblin
  2 grid bugs
  a bat
  a kobold zombie
  3 newts
28 creatures vanquished.

No species were genocided or became extinct.

Game over:
                       ----------
                      /          \
                     /    REST    \
                    /      IN      \
                   /     PEACE      \
                  /                  \
                  |    ArrBianca     |
                  |      90 Au       |
                  |   killed by a    |
                  |   paper golem    |
                  |                  |
                  |                  |
                  |       2026       |
                 *|     *  *  *      | *
        _________)/\\_//(\/(/\)/\//\/|_)_______

Goodbye ArrBianca the Priestess...

You died in The Gnomish Mines on dungeon level 5 with 901 points,
and 90 pieces of gold, after 1570 moves.
You were level 4 with a maximum of 23 hit points when you died.

